 Dungeon Crawl Stone Soup version 0.30-a0-137-gd8773701ce (webtiles) character file.

Game seed: 15543714160927479426

164 blackman the Poker (level 5, -1/45 HPs)
             Began as a Minotaur Fighter on Sept 22, 2022.
             Slain by Edmund
             ... wielding a +4 flail of holy wrath
              (5 damage)
             ... on level 4 of the Dungeon.
             The game lasted 00:04:29 (2953 turns).

blackman the Poker (Minotaur Fighter)               Turns: 2953, Time: 00:04:29

Health: -1/45      AC: 10    Str: 22    XL:     5   Next: 21%
Magic:  4/4        EV:  4    Int:  5    God:
Gold:   194        SH:  4    Dex: 10    Spells: 4/4 levels left

rFire   . . .      SeeInvis .    a - +0 war axe
rCold   . . .      Faith    .    c - +0 buckler
rNeg    . . .      Spirit   .    q - +0 chain mail
rPois   .          Reflect  .    (helmet restricted)
rElec   .          Harm     .    m - +0 cloak
rCorr   .          Rampage  .    (no gloves)
Will    .....                    (no boots)
Stlth   ..........               (no amulet)
HPRegen 0.15/turn                (no ring)
MPRegen 0.09/turn                (no ring)

@: constricted
A: horns 2, retaliatory headbutt
a: no special abilities


You were on level 4 of the Dungeon.
You visited 1 branch of the dungeon, and saw 4 of its levels.

You collected 194 gold pieces.

Inventory:

Hand Weapons
 a - a +0 war axe (weapon)
Missiles
 f - 10 boomerangs (quivered)
 t - a throwing net
Armour
 b - a +0 scale mail
 c - a +0 buckler (worn)
 m - a +0 cloak (worn)
   (You found it on level 1 of the Dungeon)
 q - a +0 chain mail (worn)
   (You found it on level 2 of the Dungeon)
Wands
 n - a wand of roots (2)
   (You took it off Terence on level 2 of the Dungeon)
Scrolls
 e - a scroll of blinking {unknown}
 h - a scroll of immolation {unknown}
 k - 2 scrolls of enchant weapon {unknown}
 o - a scroll of noise {unknown}
 p - a scroll of poison {unknown}
Potions
 d - a potion of might
 g - a potion of heal wounds {unknown}
 i - a potion of invisibility {unknown}
 j - 2 potions of attraction {unknown}
 l - a potion of degeneration {unknown}
 r - a potion of cancellation {unknown}
 s - a potion of brilliance {unknown}


   Skills:
 - Level 3.6 Fighting
 - Level 3.9(5.1) Axes
 - Level 0.1(2.3) Maces & Flails
 * Level 5.1(5.7) Polearms
 - Level 3.6 Armour
 - Level 3.6 Shields


You had 4 spell levels left.
You didn't know any spells.
Your spell library was empty.

Dungeon Overview and Level Annotations

Branches:
Dungeon (4/15)
 Temple: D:4-7

Altars:
Kikubaaqudgha
Sif Muna
Vehumet
Yredelemnul

Portals:
Sewer: D:4

Annotations:
D:4 Edmund


Innate Abilities, Weirdness & Mutations

You have a pair of horns on your head.
You reflexively headbutt those who attack you in melee.


Message History

You see here a ball python corpse.
Aiming: Fastroot
Press: ? - help, Shift-Dir - straight line The roots erupt in riotous growth!
Roots grab Edmund.
The grasping roots constrict Edmund.
You hear a shout! x3
Edmund hits you but does no damage.
The grasping roots constrict Edmund, but do no damage.
The roots release their grip on Edmund.
The ball python attacks as you move away!
The ball python bites you but does no damage.
The ball python barely misses you.
A river rat comes into view.
Aiming: Fastroot
Press: ? - help, Shift-Dir - straight line The roots erupt in riotous growth!
Roots grab Edmund.
The grasping roots constrict Edmund.
The ball python closely misses you. The ball python grabs you.
The ball python constricts you. Edmund hits you but does no damage.
You escape the ball python's grasp.
The ball python attacks as you move away!
The ball python barely misses you.
The grasping roots constrict Edmund.
The roots release their grip on Edmund.
Aiming: Fastroot
Press: ? - help, Shift-Dir - straight line The roots erupt in riotous growth!
Roots grab Edmund.
The grasping roots constrict Edmund.
The ball python bites you. The ball python grabs you.
The ball python constricts you.
Edmund hits you with a +4 flail of holy wrath!
* * * LOW HITPOINT WARNING * * *
The ball python's grasp on you weakens, but your attempt to escape fails.
The grasping roots constrict Edmund.
The roots release their grip on Edmund.
The ball python bites you.
* * * LOW HITPOINT WARNING * * *
The ball python constricts you.
Edmund hits you with a +4 flail of holy wrath.
You die...

#.................#
>.................+
.#......###......##
.#.$....# #.......#
.........# ##......#
#........## #......#
#.........# #.....<# #
##....###.###.@.)#.#.##...
####........@S.†.[.~.....
#####$#.##~~~~~##~###.
#.#.##≈~~~≈#
#.#.~~.....≈~.
..+.~~.....~≈.#
#.#.~~..∩.r....#
#.#.≈≈.....~~...
#.#.≈~.....≈~.##


You could see Edmund, a river rat and a ball python.

Vanquished Creatures
  Terence (D:2)
  3 orc wizards (D:3)
  Robin (D:2)
  A worm (D:2)
  3 bats
  An endoplasm (D:2)
  A giant cockroach (D:1)
  11 goblins
  3 hobgoblins
  7 quokkas
  9 ball pythons
  2 frilled lizards
  3 kobolds
  8 rats
54 creatures vanquished.

Notes
Turn   | Place    | Note
-------+----------+-------------------------------------------
     0 | D:1      | blackman the Minotaur Fighter began the quest for the Orb.
     0 | D:1      | Reached XP level 1. HP: 19/19 MP: 0/0
   272 | D:1      | Reached XP level 2. HP: 25/26 MP: 1/1
   453 | D:1      | Found a faded altar of an unknown god.
  1059 | D:2      | Noticed Terence
  1068 | D:2      | Killed Terence
  1069 | D:2      | Reached skill level 2 in Polearms
  1069 | D:2      | Reached XP level 3. HP: 7/31 MP: 2/2
  1509 | D:2      | Noticed Robin
  1518 | D:2      | Killed Robin
  1519 | D:2      | Reached skill level 3 in Polearms
  1519 | D:2      | Reached XP level 4. HP: 39/39 MP: 3/3
  2255 | D:3      | Found a basalt altar of Yredelemnul.
  2545 | D:3      | Found a radiant altar of Vehumet.
  2556 | D:3      | Reached skill level 4 in Polearms
  2608 | D:3      | Found an ancient bone altar of Kikubaaqudgha.
  2637 | D:3      | Found a shimmering blue altar of Sif Muna.
  2657 | D:3      | Reached skill level 5 in Polearms
  2657 | D:3      | Reached XP level 5. HP: 26/45 MP: 4/4
  2910 | D:4      | Found a glowing drain.
  2937 | D:4      | Noticed Edmund
  2953 | D:4      | Slain by Edmund

Illustrated notes

Levels and vault maps discovered:
D:1:      lemuel_arrival_rhombus, layout_loops_ring,
          shapermc_ecumenical_altar_mp_highgroup
D:2:      layout_loops_ring, uniq_robin, uniq_terence
D:3:      layout_loops_cross, palyth_temple_overflow_mages, lemuel_tele_altar
D:4:      layout_basic, cheibrodos_sewer_entry_sluice, st_stairs_2, uniq_pikel,
          uniq_edmund, uniq_menkaure, uniq_duvessa

Skill      XL: |  1  2  3  4 |
---------------+-------------+-----
Axes           | 3 |  3.9
Polearms       | 2 3 5 |  5.1
Fighting       | |  3.6
Maces & Flails | |  0.1
Armour         | |  3.6
Shields        | |  3.6

Action                   |  1- 3 |  4- 6 || total
-------------------------+-------+-------++-------
Melee: War axe           |    75 |    61 ||   136
       Headbutt          |     4 |    11 ||    15
Evoke: Wand              |       |     3 ||     3
Armor: Scale mail        |    32 |    14 ||    46
       Chain mail        |       |    21 ||    21
Dodge: Dodged            |    34 |    23 ||    57
Block: Buckler           |    18 |     5 ||    23

Table legend: (Time is in decaauts)
 A = Elapsed time spent in this place.
 B = Non-inter-level travel time spent in this place.
 C = Inter-level travel time spent in this place.
 D = Time resting spent in this place.
 E = Time spent auto-exploring this place.
 F = Levels seen in this place.
 G = Mean time per level.
                   A        B        C        D        E       F      G
               +--------+--------+--------+--------+--------+-----+--------+
         Total |   2996 |   2805 |    191 |      0 |   2399 |   4 |  749.0 |
       Dungeon |   2996 |   2805 |    191 |      0 |   2399 |   4 |  749.0 |
               +--------+--------+--------+--------+--------+-----+--------+

Top non-repeatable levels by time:
     D:2: 1069 daAuts
     D:1: 979 daAuts
     D:3: 902 daAuts
     D:4: 44 daAuts
